 Dungeon Crawl Stone Soup version 0.30-a0-1053-gbd8d5ba0ad (webtiles) character file.

Game seed: 564061317215523903

14415 Lobster4 the Thaumaturge (level 11, -6/63 HPs)
             Began as a Deep Elf Conjurer on Apr 11, 2023.
             Was an Elder of Vehumet.
             Mangled by a skyshark (13 damage)
             ... on level 2 of the Lair of Beasts.
             The game lasted 00:51:50 (16415 turns).

Lobster4 the Thaumaturge (Deep Elf Conjurer)       Turns: 16415, Time: 00:51:51

Health: -6/63      AC: 10    Str:  6    XL:     11   Next: 88%
Magic:  12/34      EV: 15    Int: 32    God:    Vehumet [****..]
Gold:   597        SH:  0    Dex: 13    Spells: 3/27 levels left

rFire   + + .      SeeInvis .    u - staff of fire
rCold   + . .      Faith    .    (no shield)
rNeg    . . .      Spirit   .    H - +1 robe {Will+}
rPois   .          Reflect  .    j - +0 helmet
rElec   .          Rampage  .    k - +2 cloak
rCorr   +                        d - +2 pair of gloves
Will    ++...                    (no boots)
Stlth   ++++                     M - amulet of Ovvuwaej {rC+ Regen+}
HPRegen 1.10/turn                i - +6 ring of intelligence
MPRegen 0.24/turn                b - ring "Voch" {rF+ rCorr MP+9}

@: no status effects
A: no striking features
a: Renounce Religion


You were on level 2 of the Lair of Beasts.
You worshipped Vehumet.
Vehumet was greatly pleased with you.
You visited 4 branches of the dungeon, and saw 15 of its levels.

You collected 1293 gold pieces.
You spent 696 gold pieces at shops.

Inventory:

Hand Weapons
 n - a +0 heavy sling
 q - a +3 short sword of protection
 A - a +2 dagger of venom
 F - a +1 shortbow of freezing
 G - a +3 short sword
 N - a +1 short sword of freezing
 P - the +6 flail of the Disbelieving Moth {flame, rElec rF+++ Int-5 Dex+2}
   (You found it on level 9 of the Dungeon)

   Int:       It affects your intelligence (-5).
   Dex:       It affects your dexterity (+2).
   rF:        It renders you almost immune to fire.
   rElec:     It insulates you from electricity.
 Q - a +0 shortbow
Missiles
 E - 2 silver boomerangs
 I - 30 poisoned darts (quivered)
Armour
 d - a +2 pair of gloves (worn)
 j - a +0 helmet (worn)
 k - a +2 cloak (worn)
 H - a +1 robe of willpower (worn)
 K - +0 acid dragon scales
Magical Staves
 u - a staff of fire (weapon)
Jewellery
 b - the ring "Voch" (right hand) {rF+ rCorr MP+9}
   (You bought it in a shop on level 9 of the Dungeon)

   [ring of magical power]

   rF:        It protects you from fire.
   MP:        It affects your magic capacity (+9).
   rCorr:     It protects you from acid and corrosion.
 c - a ring of see invisible
 f - a ring of flight
 i - a +6 ring of intelligence (left hand)
 r - a ring of protection from cold
 M - the amulet of Ovvuwaej (around neck) {rC+ Regen+}
   (You took it off an orc priest on level 6 of the Dungeon)

   [amulet of regeneration]

   rC:        It protects you from cold.
   Regen:     It increases your rate of health regeneration.
 R - an amulet of the acrobat
Wands
 t - a wand of digging (10)
 x - a wand of iceblast (2)
 J - a wand of polymorph (7)
 O - a wand of flame (6)
Scrolls
 h - a scroll of enchant weapon
 y - a scroll of poison
 z - a scroll of identify
 C - 3 scrolls of fog
 D - a scroll of immolation
Potions
 a - a potion of resistance {unknown}
 e - 3 potions of invisibility {unknown}
 l - 2 potions of mutation {unknown}
 m - 2 potions of flight
 o - 8 potions of curing {unknown}
 p - a potion of brilliance
 s - 2 potions of lignification
 v - 2 potions of might {unknown}
 w - a potion of heal wounds
 B - a potion of ambrosia {unknown}
 L - 2 potions of cancellation
 S - a potion of haste


   Skills:
 + Level 5.1 Fighting
 - Level 3.0 Short Blades
 - Level 5.0 Staves
 - Level 5.0 Ranged Weapons
 - Level 3.0 Throwing
 + Level 4.3 Armour
 + Level 7.9 Dodging
 + Level 7.6 Stealth
 + Level 8.6 Spellcasting
 + Level 8.1 Conjurations
 - Level 3.0 Hexes
 + Level 5.4 Summonings
 + Level 4.4 Translocations
 + Level 5.9 Fire Magic
 - Level 3.0 Air Magic
 - Level 3.0 Evocations


You had 3 spell levels left.
You knew the following spells:

 Your Spells              Type           Power      Damage    Failure   Level
a - Magic Dart            Conj           100%       1d8       1%          1
b - Searing Ray           Conj           100%       2d8       1%          2
c - Scorch                Fire           100%       2d9       1%          2
d - Shock                 Conj/Air       100%       1d9       1%          1
e - Summon Small Mammal   Summ           100%       N/A       1%          1
f - Volatile Blastmotes   Fire/Tloc      100%       2d18      1%          3
g - Dazzling Flash        Conj/Hex       98%        N/A       1%          3
h - Iskenderun's Mystic   Conj/Tloc      52%        2d11      1%          4
t - Teleport Other        Tloc           42%        N/A       1%          3
w - Flame Wave            Conj/Fire      73%        2d16      1%          4

Your spell library contained the following spells:

 Spells                   Type           Power      Damage    Failure   Level
 Inner Flame              Hex/Fire       59%        N/A       1%          3
 Apportation              Tloc           84%        N/A       1%          1
 Poisonous Vapours        Pois/Air       46%        N/A       1%          2
 Call Canine Familiar     Summ           48%        N/A       1%          3
 Gell's Gravitas          Tloc           42%        N/A       1%          3
 Summon Guardian Golem    Hex/Summ       40%        N/A       1%          3
 Necrotise                Necr           52%        1d6       3%          1
 Sting                    Tmut/Pois      52%        1d5       3%          1
 Sublimation of Blood     Necr           13%        N/A       5%          2
 Fulminant Prism          Conj/Hex       24%        3d12      1%          4
 Irradiate                Conj/Tmut      19%        3d18      5%          5
 Olgreb's Toxic Radiance  Pois           13%        N/A       10%         4
 Cause Fear               Hex            16%        N/A       11%         4
 Summon Forest            Summ/Tloc      22%        N/A       13%         5
 Anguish                  Hex/Necr       11%        N/A       19%         4
 Petrify                  Tmut/Erth      13%        N/A       34%         4
 Dispersal                Tloc           21%        N/A       65%         6
 Eringya's Noxious Bog    Tmut/Pois      6%         N/A       77%         6
 Summon Hydra             Summ           24%        N/A       97%         7
 Enfeeble                 Hex            16%        N/A       100%        7


Dungeon Overview and Level Annotations

Branches:
Dungeon (10/15)            Temple (1/1) D:5            Lair (2/5) D:8
 Shoals (0/4) Lair:2        Snake (0/4) Lair:2          Orc (2/2) D:10
    Elf (0/3) Orc:2

Altars:
Ashenzari
Cheibriados
Dithmenos
Elyvilon
Fedhas
Gozag
Hepliaklqana
Kikubaaqudgha
Makhleb
Nemelex Xobeh
Okawaru
Qazlal
Ru
Sif Muna
Trog
Uskayaw
Vehumet
Wu Jian
Xom
Yredelemnul
Zin
The Shining One

Shops:
D:6 *   D:9 *   D:10 *

Annotations:
D:9 3 runed translucent doors, hgbash's ghost, novice MiFi
D:10 exclusion: fire dragon


Message History

The skyshark bites you.
The skyshark tastes blood and grows stronger!
The skyshark tail-slaps you! The skyshark misses you.
Unknown command.
Casting: Scorch (safe; 1% risk of failure)
Confirm with . or Enter, or press ? or * to list all spells.
You feel a surge of power!
Flames lash the skyshark.
The skyshark is burned terribly!
The skyshark is almost dead.
The skyshark bites you!
The skyshark enters a blood-rage!
The skyshark tail-slaps you! The skyshark tail-slaps you.
Unknown command.
Casting: Scorch (safe; 1% risk of failure)
Confirm with . or Enter, or press ? or * to list all spells.
You feel a surge of power!
Flames lash the skyshark.
The skyshark is burned terribly!
The skyshark is almost dead.
The skyshark barely misses you. The skyshark tail-slaps you.
The skyshark tail-slaps you!
* * * LOW HITPOINT WARNING * * *
The skyshark bites you but does no damage.
The skyshark barely misses you. The skyshark closely misses you.
Unknown command.
Casting: Scorch (safe; 1% risk of failure)
Confirm with . or Enter, or press ? or * to list all spells.
You feel a surge of power!
Flames lash the skyshark.
The skyshark is burned terribly!
The skyshark is almost dead.
The skyshark bites you!
* * * LOW HITPOINT WARNING * * *
The skyshark barely misses you.
The skyshark tail-slaps you but does no damage.
Unknown command.
Casting: Scorch (safe; 1% risk of failure)
Confirm with . or Enter, or press ? or * to list all spells.
You feel a surge of power!
Flames lash the skyshark.
The skyshark is burned terribly!
The skyshark is almost dead.
The skyshark bites you!
You die...

# ..#.#.. # 8...+.. # .......
....... ....... ...#... ...#...[#
#.....#### ....#...## #...#..#
........## . #l@#.##......#...#.
#.#....#..P...#....##
.#.#....##.P...##...##
#.......##.#...#P.P...
#..#.........P.##..... .P.#
....#.#............#.##.....
...#..#....#.......##......#...#.
...#..##.#.##......##..........#.
....#^##.#.##......##.P.#..#.....


You could see a skyshark (berserk, combustible).

Vanquished Creatures
  2 two-headed ogres
  2 harpies (Lair:2)
  An orc sorcerer (Orc:2)
  A black mamba (Lair:2)
  Maurice (Orc:1)
  Maggie (D:7)
  3 cane toads
  A torpor snail (Lair:1)
  A kobold demonologist (D:10)
  A komodo dragon (Lair:2)
  A troll (D:9)
  Prince Ribbit (D:6)
  5 wyverns
  5 yaks
  A steam dragon (D:8)
  2 wargs (Orc:2)
  3 nagas (Lair:2)
  5 water moccasins
  13 orc warriors
  2 ice beasts
  A sky beast (D:6)
  4 black bears
  4 ogres
  4 centaurs
  3 kobold brigands
  7 bullfrogs
  6 scorpions
  A gnoll sergeant (D:9)
  6 wights
  13 killer bees
  10 howler monkeys (D:9)
  5 hounds
  2 gnoll boudas
  6 orc priests
  2 jellies (D:5)
  3 sleepcaps (D:5)
  4 iguanas
  9 orc wizards
  5 hell rats
  19 gnolls
  5 adders
  A shadow imp (D:7)
  2 white imps (D:5)
  An ufetubus (D:4)
  4 worms
  5 dart slugs
  56 orcs
  3 ball pythons
  8 endoplasms
  3 giant cockroaches
  7 goblins
  6 hobgoblins
  2 jackals (D:2)
  3 quokkas
  5 bats
  2 frilled lizards
  16 kobolds
  6 rats
301 creatures vanquished.

Vanquished Creatures (collateral kills)
  A yak (D:9)
  An orc warrior (Orc:2)
2 creatures vanquished.

Vanquished Creatures (others)
  A yak (D:9)
  A warg (Orc:2)
  An orc priest (Orc:2)
  A butterfly (D:5)
  2 fungi
  10 plants (Lair:2)
16 creatures vanquished.

Grand Total: 319 creatures vanquished

Notes
Turn   | Place    | Note
-------+----------+-------------------------------------------
     0 | D:1      | Lobster4 the Deep Elf Conjurer began the quest for the Orb.
     0 | D:1      | Reached XP level 1. HP: 10/10 MP: 6/6
    80 | D:1      | Found a faded altar of an unknown god.
   320 | D:1      | Reached XP level 2. HP: 15/15 MP: 6/8
   610 | D:1      | Learned a level 2 spell: Searing Ray
  1068 | D:1      | Reached XP level 3. HP: 20/20 MP: 6/9
  1607 | D:2      | Reached skill level 1 in Fighting
  1858 | D:2      | Reached XP level 4. HP: 25/25 MP: 8/11
  2235 | D:3      | Found a glowing golden altar of the Shining One.
  2239 | D:3      | Reached skill level 1 in Armour
  2496 | D:3      | Got the Excursus on the Salamander
  2501 | D:3      | Learned a level 3 spell: Dazzling Flash
  3096 | D:3      | Found a bloodstained altar of Trog.
  3460 | D:4      | Reached XP level 5. HP: 29/29 MP: 8/12
  3969 | D:4      | Learned a level 2 spell: Scorch
  4066 | D:4      | Reached skill level 1 in Fire Magic
  4236 | D:5      | Entered Level 5 of the Dungeon
  4267 | D:5      | Found a staircase to the Ecumenical Temple.
  4327 | Temple   | Entered the Ecumenical Temple
  4524 | D:5      | Reached skill level 1 in Short Blades
  4524 | D:5      | Reached skill level 5 in Conjurations
  4560 | D:5      | Reached skill level 1 in Staves
  4560 | D:5      | Reached XP level 6. HP: 34/34 MP: 8/14
  4674 | D:5      | Noticed an ice beast
  4950 | D:5      | Killed an ice beast
  4951 | D:5      | Reached XP level 7. HP: 39/39 MP: 6/15
  6024 | D:5      | Reached skill level 5 in Spellcasting
  6112 | D:6      | Found Wihydug's Assorted Antiques.
  6125 | D:6      | Bought a scroll labelled ETAHUE SOUSA for 28 gold pieces
  6125 | D:6      | Bought a fuming purple potion for 25 gold pieces
  6125 | D:6      | Bought a scroll of identify for 56 gold pieces
  6125 | D:6      | Bought a scroll of identify for 56 gold pieces
  6125 | D:6      | Bought a scroll of identify for 56 gold pieces
  6166 | D:6      | Noticed a wyvern
  6173 | D:6      | Killed a wyvern
  6174 | D:6      | Reached XP level 8. HP: 33/45 MP: 4/17
  6292 | D:6      | Found a burning altar of Makhleb.
  6491 | D:6      | Noticed Prince Ribbit
  6801 | D:6      | Learned a level 1 spell: Summon Small Mammal
  6814 | D:7      | Found an iron altar of Okawaru.
  7070 | D:7      | Reached skill level 5 in Stealth
  7113 | D:7      | Found an opulent altar of Gozag.
  7292 | D:7      | Reached skill level 1 in Evocations
  7439 | D:7      | Noticed Maggie
  7653 | D:8      | Reached skill level 1 in Throwing
  7670 | D:8      | Reached skill level 1 in Summonings
  7808 | D:8      | Found a staircase to the Lair.
  8088 | D:8      | Reached skill level 1 in Ranged Weapons
  8088 | D:8      | Reached skill level 5 in Dodging
  8301 | D:8      | Reached XP level 9. HP: 46/49 MP: 3/19
  8424 | D:8      | Noticed a two-headed ogre
  8441 | D:8      | Killed a two-headed ogre
  8626 | D:8      | Found a radiant altar of Vehumet.
  8645 | D:8      | Became a worshipper of Vehumet
  8918 | D:7      | Learned a level 3 spell: Volatile Blastmotes
  8989 | D:7      | Killed Maggie
  9370 | D:7      | Found a hide-covered altar of Uskayaw.
  9483 | D:6      | Killed Prince Ribbit
  9484 | D:6      | Reached skill level 1 in Translocations
  9619 | D:6      | Identified the amulet of Ovvuwaej {rC+ Regen+}
 10071 | D:6      | Reached * piety under Vehumet
 10071 | D:6      | Offered knowledge of Shock by Vehumet.
 10087 | D:6      | Reached XP level 10. HP: 43/56 MP: 11/22
 10091 | D:6      | Learned a level 1 spell: Shock
 10900 | D:8      | Reached skill level 5 in Fire Magic
 11426 | D:9      | Found a sacrificial altar of Ru.
 11544 | D:9      | Offered knowledge of Freeze by Vehumet.
 11551 | D:9      | Reached ** piety under Vehumet
 11661 | D:9      | Found Keunouch's General Store.
 11732 | D:9      | Reached skill level 1 in Hexes
 11885 | D:9      | Found a runed translucent gate.
 11885 | D:9      | Found a runed translucent gate.
 11885 | D:9      | Found a runed translucent gate.
 11885 | D:9      | Noticed hgbash's ghost (novice MiFi)
 11899 | D:9      | Reached skill level 1 in Air Magic
 11963 | D:9      | Found an ancient bone altar of Kikubaaqudgha.
 12004 | D:9      | Identified the +6 flail of the Disbelieving Moth {flame,
                  | rElec rF+++ Int-5 Dex+2}
 12561 | D:10     | Entered Level 10 of the Dungeon
 12565 | D:10     | Offered knowledge of Hailstorm by Vehumet.
 12569 | D:10     | Found a staircase to the Orcish Mines.
 12583 | D:10     | Reached skill level 5 in Ranged Weapons
 12583 | D:10     | Reached XP level 11. HP: 62/62 MP: 10/24
 12590 | D:9      | Learned a level 4 spell: Iskenderun's Mystic Blast
 12676 | D:10     | Noticed a two-headed ogre
 12830 | D:10     | Noticed a sixfirhy
 13094 | D:10     | Found Derehegi's CLEARANCE SALE!.
 13176 | D:10     | Found a basalt altar of Yredelemnul.
 13472 | D:10     | Noticed a fire dragon
 13659 | D:10     | Killed a two-headed ogre
 13782 | Orc:1    | Entered Level 1 of the Orcish Mines
 13782 | Orc:1    | Noticed Maurice
 13782 | Orc:1    | Found an iron altar of Okawaru.
 13789 | Orc:1    | Killed Maurice
 13789 | Orc:1    | Reached *** piety under Vehumet
 14021 | Orc:1    | Found a shimmering altar of Xom.
 14257 | Orc:2    | Entered Level 2 of the Orcish Mines
 14265 | Orc:2    | Noticed an orc sorcerer
 14267 | Orc:2    | Reached skill level 5 in Staves
 14272 | Orc:2    | Paralysed by an orc sorcerer for 2 turns
 14343 | Orc:2    | Killed an orc sorcerer
 14399 | Orc:2    | Learned a level 3 spell: Teleport Other
 14510 | Orc:2    | Found a bloodstained altar of Trog.
 14551 | Orc:2    | Offered knowledge of Flame Wave by Vehumet.
 14559 | Orc:2    | Learned a level 4 spell: Flame Wave
 14666 | Orc:2    | Found a staircase to the Elven Halls.
 14666 | Orc:2    | Noticed an orc knight
 14775 | Lair:1   | Entered Level 1 of the Lair of Beasts
 14875 | D:9      | Bought the ring "Voch" {rF+ rCorr MP+9} for 475 gold pieces
 15052 | Lair:1   | You fall into a shaft and drop 1 floor!
 15293 | Lair:1   | Reached **** piety under Vehumet
 15414 | Lair:1   | Reached skill level 5 in Summonings
 16056 | Lair:2   | Offered knowledge of Inner Flame by Vehumet.
 16088 | Lair:2   | Found a staircase to the Snake Pit.
 16196 | Lair:2   | Found a staircase to the Shoals.
 16196 | Lair:2   | Noticed a harpy
 16196 | Lair:2   | Noticed a harpy
 16198 | Lair:2   | Killed a harpy
 16199 | Lair:2   | Reached skill level 5 in Fighting
 16202 | Lair:2   | Killed a harpy
 16407 | Lair:2   | Noticed a skyshark
 16415 | Lair:2   | Mangled by a skyshark

Illustrated notes

Levels and vault maps discovered:
D:1:      scummos_arrival_simple_fountains, layout_loops_corners,
          shapermc_ecumenical_altar_acropolis
D:2:      layout_loops_ring
D:3:      layout_basic, mainiacjoe_overflow_alcove_4,
          mainiacjoe_overflow_brackets, minmay_crystal_water
D:4:      layout_basic
D:5:      layout_basic, minmay_temple_entry_butterflies
D:6:      cheibrodos_barr_body, layout_gridville,
          mainiacjoe_overflow_concentric_impassable, nicolae_stop_n_shop_2,
          uniq_prince_ribbit1
D:7:      layout_basic, mainiacjoe_overflow_24_doors, nicolae_uskayaw_suspiria,
          old_standard_altar, uniq_maggie
D:8:      layout_gridville, lemuel_doored_altar, lair_entry_dummy
D:9:      layout_cave_pools, grunt_temple_overflow_open,
          ebering_ghost_rock_garden, serial_shops, shop_statue, hex_medium,
          grunt_decor_mini_mirrors
D:10:     dragon1_lemuel, layout_long_grid, kennysheep_mini_moat, david_orc_5,
          nicolae_shop_clearance
Temple:   hellmonk_temple_forest_ring
Lair:1:   layout_small_grid, lemuel_fruit_tree
Lair:2:   layout_long_grid, nicolae_shoals_entry_roost,
          nicolae_snake_entry_squirm, grunt_megastairs_1
Orc:1:    layout_caves, basic_altar, okawaru_metal_pillars_1_2, uniq_maurice
Orc:2:    hellmonk_orc_salted, layout_diamond_mine, basic_altar,
          gammafunk_ghost_cemetery, serial_shops, bzr_entry_gold

Skill      XL: |  1  2  3  4  5  6  7  8  9 10 11 |
---------------+----------------------------------+-----
Stealth        | 3 4 5 6 7 |  7.6
Dodging        | 3 4 5 6 7 |  7.9
Fighting       | 1 2 3 4 5 |  5.1
Armour         | 1 2 3 4 |  4.3
Fire Magic     | 1 2 3 4 5 |  5.9
Short Blades   | 1 2 3 |  3.0
Spellcasting   | 4 5 6 7 8 |  8.6
Conjurations   | 5 6 7 8 |  8.1
Staves         | 1 2 3 4 5 |  5.0
Evocations     | 2 3 |  3.0
Throwing       | 1 3 |  3.0
Summonings     | 1 3 4 5 |  5.4
Ranged Weapons | 1 3 5 |  5.0
Translocations | 1 3 4 |  4.4
Hexes          | 2 3 |  3.0
Air Magic      | 1 3 |  3.0

Action                     |  1- 3 |  4- 6 |  7- 9 | 10-12 || total
---------------------------+-------+-------+-------+-------++-------
  Melee: Staff             |       |       |     4 |     1 ||     5
  Throw: Dart              |       |       |     6 |     3 ||     9
         Throwing net      |       |       |       |     1 ||     1
   Cast: Magic Dart        |    70 |    84 |   121 |   163 ||   438
         Searing Ray       |     1 |    15 |    33 |    53 ||   102
         Scorch            |       |     3 |    86 |   203 ||   292
         Summon Small Mamm |       |       |     2 |       ||     2
         Volatile Blastmot |       |       |       |     2 ||     2
         Teleport Other    |       |       |       |     1 ||     1
  Evoke: Wand              |       |       |       |    13 ||    13
    Use: Scroll            |     1 |     8 |     9 |    10 ||    28
         Potion            |       |       |     1 |     3 ||     4
   Stab: Sleeping          |       |       |     1 |       ||     1
 Armour: Robe              |     2 |     9 |    10 |    12 ||    33
         Leather armour    |       |       |     3 |    10 ||    13
         Acid dragon scale |       |       |       |     5 ||     5
  Dodge: Dodged            |     1 |    11 |    33 |    94 ||   139

Table legend: (Time is in decaauts)
 A = Elapsed time spent in this place.
 B = Non-inter-level travel time spent in this place.
 C = Inter-level travel time spent in this place.
 D = Time resting spent in this place.
 E = Time spent auto-exploring this place.
 F = Levels seen in this place.
 G = Mean time per level.
                   A        B        C        D        E       F      G
               +--------+--------+--------+--------+--------+-----+--------+
         Total |  16400 |  15531 |    869 |   2980 |   9973 |  15 | 1093.3 |
       Dungeon |  13867 |  13062 |    805 |   2558 |   8571 |  10 | 1386.7 |
        Temple |    193 |    176 |     17 |      0 |    165 |   1 |  193.0 |
          Lair |   1536 |   1513 |     23 |    250 |    941 |   2 |  768.0 |
  Orcish Mines |    803 |    780 |     23 |    172 |    296 |   2 |  401.5 |
               +--------+--------+--------+--------+--------+-----+--------+

Top non-repeatable levels by time:
     D:8: 1983 daAuts
     D:6: 1963 daAuts
     D:5: 1725 daAuts
     D:7: 1400 daAuts
    D:10: 1284 daAuts
     D:9: 1203 daAuts
     D:1: 1198 daAuts
     D:4: 1107 daAuts
     D:3: 1031 daAuts
     D:2: 968 daAuts
  Lair:1: 943 daAuts
  Lair:2: 592 daAuts
   Orc:1: 416 daAuts
   Orc:2: 387 daAuts
  Temple: 193 daAuts
